[ AOE2 MATCH · #470554331 ]
Team RMBulgarians vs Saracens
[ REPLAY ANALYSIS · EXTRACTED FROM THE RECORDED GAME ]
Feudal
10:53
Castle
19:33
Imperial
—
| APM avg | 21.3 |
| APM peak | 66 |
| eAPM avg | 9.5 |
| Villagers / military | 54 / 5 |
Focus
⚔️ 18.8% · 🌾 81.2%
Spearman ×3 · Militia ×2
Feudal
10:22
Castle
15:29
Imperial
—
| APM avg | 14.2 |
| APM peak | 38 |
| eAPM avg | 8.0 |
| Villagers / military | 48 / 6 |
Focus
⚔️ 16.0% · 🌾 84.0%
Knight ×6
Feudal
9:43
Castle
—
Imperial
—
| APM avg | 34.1 |
| APM peak | 63 |
| eAPM avg | 17.3 |
| Villagers / military | 64 / 15 |
Focus
⚔️ 9.2% · 🌾 90.8%
Archer ×8 · Battering Ram ×7
Feudal
10:18
Castle
15:23
Imperial
—
| APM avg | 23.1 |
| APM peak | 67 |
| eAPM avg | 12.7 |
| Villagers / military | 33 / 2 |
Focus
⚔️ 27.3% · 🌾 72.7%
Mangonel ×2
Feudal
11:31
Castle
20:22
Imperial
—
| APM avg | 12.3 |
| APM peak | 29 |
| eAPM avg | 8.7 |
| Villagers / military | 45 / 2 |
Focus
⚔️ 2.8% · 🌾 97.2%
Mameluke ×2
Feudal
11:02
Castle
16:37
Imperial
—
| APM avg | 27.8 |
| APM peak | 91 |
| eAPM avg | 13.4 |
| Villagers / military | 67 / 5 |
Focus
⚔️ 19.0% · 🌾 81.0%
Archer ×3 · Monk ×1 · Spearman ×1
Feudal
—
Castle
—
Imperial
—
| APM avg | 18.2 |
| APM peak | 80 |
| eAPM avg | 5.0 |
| Villagers / military | 24 / 0 |
Focus
⚔️ 2.0% · 🌾 98.0%
Feudal
10:19
Castle
15:54
Imperial
—
| APM avg | 28.1 |
| APM peak | 71 |
| eAPM avg | 11.6 |
| Villagers / military | 63 / 6 |
Focus
⚔️ 10.1% · 🌾 89.9%
Knight ×6
Match map
Initial resources + every placement click. Lines = walls · curves = elevation contours. ◆ gold · ⬟ stone · ● berries · ✦ relic · ◌ wall gap
Inputs per minute
— °49¬K<»Šhãdöw - - Flipparachi
Build order — °49¬K<»Šhãdöw
108 actions detected in the replay
| 0:02 | Create | Villager (Male) |
| 0:02 | Create | Villager (Male) |
| 0:02 | Create | Villager (Male) |
| 0:02 | Create | Villager (Male) |
| 0:03 | Create | Villager (Male) |
| 0:10 | Build | House |
| 0:13 | Build | House |
| 1:32 | Create | Villager (Male) |
| 1:32 | Create | Villager (Male) |
| 2:19 | Create | Villager (Male) |
| 2:20 | Create | Villager (Male) |
| 2:49 | Create | Villager (Male) |
| 2:49 | Create | Villager (Male) |
| 3:17 | Create | Villager (Male) |
| 3:17 | Create | Villager (Male) |
| 3:18 | Create | Villager (Male) |
| 3:21 | Build | Lumber Camp |
| 3:50 | Build | House |
| 4:07 | Create | Villager (Male) |
| 4:08 | Create | Villager (Male) |
| 4:31 | Create | Villager (Male) |
| 4:37 | Create | Villager (Male) |
| 4:37 | Create | Villager (Male) |
| 5:01 | Create | Villager (Male) |
| 5:01 | Create | Villager (Male) |
| 5:13 | Build | Mill |
| 5:41 | Create | Villager (Male) |
| 5:42 | Create | Villager (Male) |
| 5:42 | Create | Villager (Male) |
| 5:54 | Build | House |
| 6:34 | Create | Villager (Male) |
| 6:35 | Create | Villager (Male) |
| 6:35 | Create | Villager (Male) |
| 6:36 | Create | Villager (Male) |
| 7:12 | Create | Villager (Male) |
| 7:12 | Create | Villager (Male) |
| 7:35 | Build | Mining Camp |
| 7:57 | Build | House |
| 8:31 | Research | Feudal Age |
| 9:54 | Build | Barracks |
| 10:15 | Create | Villager (Male) |
| 10:16 | Create | Villager (Male) |
| 10:16 | Create | Villager (Male) |
| 10:19 | Research | Loom |
| 10:44 | Create | Villager (Male) |
| 10:45 | Create | Villager (Male) |
| 10:45 | Create | Villager (Male) |
| 10:47 | Create | Villager (Male) |
| 10:53 | Age | Feudal Age |
| 11:14 | Build | Mining Camp |
| 11:30 | Create | Spearman |
| 11:35 | Create | Villager (Male) |
| 12:16 | Build | Blacksmith |
| 12:20 | Create | Villager (Male) |
| 12:26 | Build | House |
| 12:41 | Build | Farm |
| 12:47 | Build | Farm |
| 13:09 | Build | Farm |
| 13:12 | Build | Farm |
| 13:37 | Build | Farm |
| 14:07 | Create | Villager (Male) |
| 14:07 | Create | Villager (Male) |
| 14:07 | Create | Villager (Male) |
| 14:11 | Build | House |
| 14:29 | Build | House |
| 14:43 | Build | Stable |
| 15:13 | Build | Farm |
| 15:16 | Create | Villager (Male) |
| 15:19 | Build | Farm |
| 15:20 | Build | Farm |
| 15:24 | Create | Villager (Male) |
| 15:55 | Build | Archery Range |
| 16:28 | Build | Farm |
| 16:31 | Build | Farm |
| 16:53 | Research | Castle Age |
| 17:11 | Build | Barracks |
| 17:25 | Build | Farm |
| 17:30 | Research | Horse Collar |
| 17:56 | Research | Arson |
| 17:58 | Create | Spearman |
| 17:58 | Create | Spearman |
| 18:32 | Research | Double-Bit Axe |
| 19:01 | Create | Villager (Male) |
| 19:01 | Create | Villager (Male) |
| 19:24 | Create | Villager (Male) |
| 19:25 | Create | Villager (Male) |
| 19:25 | Create | Villager (Male) |
| 19:33 | Age | Castle Age |
| 19:39 | Build | Town Center |
| 19:59 | Build | Town Center |
| 20:02 | Create | Villager (Male) |
| 20:03 | Create | Villager (Male) |
| 20:03 | Create | Villager (Male) |
| 20:08 | Build | Farm |
| 20:08 | Build | Farm |
| 20:09 | Build | Farm |
| 20:09 | Build | Farm |
| 20:09 | Build | Farm |
| 20:09 | Build | Farm |
| 20:10 | Build | Farm |
| 20:10 | Build | Farm |
| 20:10 | Build | Farm |
| 20:21 | Research | Gambesons |
| 20:23 | Create | Militia |
| 20:23 | Create | Militia |
| 20:42 | Create | Villager (Male) |
| 20:42 | Create | Villager (Male) |
| 21:01 | Build | Castle |
Build order — Flipparachi
94 actions detected in the replay
| 0:01 | Create | Villager (Male) |
| 0:01 | Create | Villager (Male) |
| 0:01 | Create | Villager (Male) |
| 0:02 | Create | Villager (Male) |
| 0:02 | Create | Villager (Male) |
| 0:03 | Build | House |
| 0:04 | Build | House |
| 0:21 | Build | House |
| 1:41 | Create | Villager (Male) |
| 1:41 | Create | Villager (Male) |
| 2:11 | Build | Lumber Camp |
| 2:16 | Create | Villager (Male) |
| 2:17 | Create | Villager (Male) |
| 2:17 | Create | Villager (Male) |
| 2:58 | Create | Villager (Male) |
| 2:58 | Create | Villager (Male) |
| 2:59 | Create | Villager (Male) |
| 3:17 | Build | House |
| 3:47 | Create | Villager (Male) |
| 3:47 | Create | Villager (Male) |
| 3:47 | Create | Villager (Male) |
| 3:48 | Create | Villager (Male) |
| 4:26 | Create | Villager (Male) |
| 4:26 | Create | Villager (Male) |
| 4:27 | Create | Villager (Male) |
| 4:41 | Create | Villager (Male) |
| 4:41 | Create | Villager (Male) |
| 5:45 | Build | Mill |
| 6:51 | Create | Villager (Male) |
| 6:51 | Create | Villager (Male) |
| 6:51 | Create | Villager (Male) |
| 7:28 | Build | Farm |
| 7:31 | Build | Farm |
| 8:12 | Research | Feudal Age |
| 9:18 | Create | Villager (Male) |
| 9:18 | Create | Villager (Male) |
| 10:22 | Age | Feudal Age |
| 10:31 | Build | Market |
| 10:36 | Build | Blacksmith |
| 10:53 | Build | Mining Camp |
| 11:14 | Create | Villager (Male) |
| 11:25 | Create | Villager (Male) |
| 11:26 | Create | Villager (Male) |
| 11:38 | Build | Farm |
| 11:47 | Build | House |
| 12:25 | Research | Castle Age |
| 13:09 | Build | Barracks |
| 13:50 | Research | Double-Bit Axe |
| 14:09 | Build | Stable |
| 14:19 | Build | Farm |
| 14:21 | Build | Farm |
| 14:33 | Build | House |
| 14:55 | Research | Loom |
| 15:29 | Age | Castle Age |
| 15:33 | Build | Town Center |
| 15:38 | Create | Villager (Male) |
| 15:39 | Create | Villager (Male) |
| 15:39 | Create | Villager (Male) |
| 15:42 | Create | Knight |
| 15:42 | Create | Knight |
| 15:54 | Create | Villager (Male) |
| 15:54 | Create | Villager (Male) |
| 16:26 | Build | Mining Camp |
| 16:30 | Create | Villager (Male) |
| 16:30 | Create | Villager (Male) |
| 16:30 | Create | Villager (Male) |
| 16:31 | Create | Villager (Male) |
| 17:21 | Create | Knight ×2 |
| 17:21 | Create | Knight ×2 |
| 17:39 | Create | Villager (Male) |
| 17:39 | Create | Villager (Male) |
| 17:49 | Build | Town Center |
| 18:21 | Build | House |
| 20:06 | Create | Villager (Male) |
| 20:06 | Create | Villager (Male) |
| 20:07 | Create | Villager (Male) |
| 20:07 | Create | Villager (Male) |
| 20:07 | Create | Villager (Male) |
| 20:08 | Create | Villager (Male) |
| 20:08 | Create | Villager (Male) |
| 20:14 | Build | Farm |
| 20:15 | Build | Farm |
| 20:17 | Build | Farm |
| 20:18 | Build | Farm |
| 20:20 | Build | Farm |
| 20:22 | Build | Farm |
| 20:24 | Build | Farm |
| 20:26 | Build | Farm |
| 20:27 | Build | Farm |
| 20:29 | Build | Farm |
| 20:30 | Build | Farm |
| 20:31 | Build | Farm |
| 20:32 | Build | Farm |
| 20:34 | Build | Farm |
Build order — Tin's
137 actions detected in the replay
| 0:03 | Build | House |
| 0:05 | Build | House |
| 0:09 | Create | Villager (Male) |
| 0:09 | Create | Villager (Male) |
| 0:09 | Create | Villager (Male) |
| 0:09 | Create | Villager (Male) |
| 0:10 | Create | Villager (Male) |
| 1:33 | Create | Villager (Male) |
| 1:33 | Create | Villager (Male) |
| 1:55 | Build | Lumber Camp |
| 2:09 | Create | Villager (Male) |
| 2:35 | Create | Villager (Male) |
| 2:35 | Create | Villager (Male) |
| 3:14 | Create | Villager (Male) |
| 3:14 | Create | Villager (Male) |
| 3:18 | Build | House |
| 3:20 | Build | House |
| 3:38 | Create | Villager (Male) |
| 3:59 | Create | Villager (Male) |
| 3:59 | Create | Villager (Male) |
| 4:06 | Build | House |
| 4:08 | Create | Villager (Male) |
| 4:08 | Create | Villager (Male) |
| 4:09 | Create | Villager (Male) |
| 4:49 | Create | Villager (Male) |
| 4:49 | Create | Villager (Male) |
| 5:11 | Create | Villager (Male) |
| 5:52 | Create | Villager (Male) |
| 6:06 | Create | Villager (Male) |
| 6:56 | Build | Mill |
| 7:33 | Research | Feudal Age |
| 8:18 | Build | Mining Camp |
| 9:43 | Age | Feudal Age |
| 9:45 | Create | Villager (Male) |
| 9:45 | Create | Villager (Male) |
| 9:46 | Create | Villager (Male) |
| 9:46 | Create | Villager (Male) |
| 10:00 | Build | Blacksmith |
| 10:02 | Create | Villager (Male) |
| 10:10 | Research | Double-Bit Axe |
| 10:12 | Create | Villager (Male) |
| 10:42 | Create | Villager (Male) |
| 10:55 | Build | Town Center |
| 12:08 | Build | Siege Workshop |
| 12:27 | Build | House |
| 12:28 | Build | House |
| 12:34 | Build | Farm |
| 12:37 | Build | Farm |
| 12:58 | Build | Farm |
| 13:02 | Build | Farm |
| 13:05 | Create | Villager (Male) |
| 13:18 | Create | Villager (Male) |
| 13:23 | Build | House |
| 13:29 | Research | Loom |
| 13:51 | Create | Battering Ram |
| 14:04 | Build | Barracks |
| 14:08 | Create | Villager (Male) |
| 14:08 | Create | Villager (Male) |
| 14:14 | Create | Villager (Male) |
| 14:34 | Create | Villager (Male) |
| 14:45 | Build | Farm |
| 14:49 | Create | Villager (Male) |
| 15:07 | Create | Villager (Male) |
| 15:16 | Create | Battering Ram |
| 15:20 | Build | Archery Range |
| 15:32 | Create | Villager (Male) |
| 15:45 | Create | Villager (Male) |
| 15:52 | Build | Market |
| 15:54 | Create | Villager (Male) |
| 16:04 | Create | Battering Ram |
| 16:12 | Create | Archer |
| 16:13 | Create | Archer |
| 16:27 | Create | Villager (Male) |
| 16:28 | Create | Villager (Male) |
| 16:36 | Create | Villager (Male) |
| 16:36 | Create | Villager (Male) |
| 16:43 | Create | Villager (Male) |
| 16:52 | Create | Battering Ram |
| 16:56 | Create | Archer |
| 16:57 | Create | Archer |
| 16:58 | Create | Archer |
| 17:10 | Create | Villager (Male) |
| 17:11 | Create | Villager (Male) |
| 17:16 | Build | House |
| 17:17 | Build | House |
| 17:19 | Build | House |
| 17:33 | Create | Archer |
| 17:42 | Research | Gold Mining |
| 17:50 | Build | Farm |
| 17:53 | Build | Farm |
| 17:58 | Build | Farm |
| 18:00 | Build | Farm |
| 18:05 | Create | Villager (Male) |
| 18:06 | Create | Villager (Male) |
| 18:11 | Build | House |
| 18:12 | Build | House |
| 18:13 | Build | House |
| 18:38 | Create | Villager (Male) |
| 18:39 | Create | Villager (Male) |
| 18:41 | Research | Horse Collar |
| 19:01 | Build | Farm |
| 19:04 | Build | Farm |
| 19:06 | Build | Farm |
| 19:09 | Build | Farm |
| 19:15 | Build | Farm |
| 19:25 | Build | Farm |
| 19:31 | Build | Farm |
| 19:42 | Create | Villager (Male) |
| 19:43 | Create | Villager (Male) |
| 19:44 | Create | Villager (Male) |
| 19:44 | Create | Villager (Male) |
| 19:58 | Create | Battering Ram |
| 20:16 | Create | Villager (Male) |
| 20:18 | Research | Fletching |
| 20:20 | Create | Villager (Male) |
| 20:21 | Create | Villager (Male) |
| 20:26 | Build | Farm |
| 20:29 | Build | Farm |
| 20:32 | Create | Villager (Male) |
| 20:33 | Create | Villager (Male) |
| 20:42 | Create | Villager (Male) |
| 20:51 | Build | Farm |
| 21:55 | Create | Villager (Male) |
| 21:55 | Create | Villager (Male) |
| 21:58 | Build | Mill |
| 21:59 | Build | Farm |
| 21:59 | Build | Farm |
| 22:00 | Build | Farm |
| 22:00 | Build | Farm |
| 22:00 | Build | Farm |
| 22:01 | Build | Farm |
| 22:31 | Build | Mining Camp |
| 23:06 | Create | Archer |
| 23:07 | Create | Archer |
| 23:08 | Create | Battering Ram |
| 23:08 | Create | Battering Ram |
| 23:12 | Research | Castle Age |
Build order — Azom
68 actions detected in the replay
| 0:02 | Create | Villager (Male) |
| 0:02 | Create | Villager (Male) |
| 0:05 | Build | House |
| 0:09 | Build | House |
| 0:32 | Create | Villager (Male) |
| 0:32 | Create | Villager (Male) |
| 0:33 | Create | Villager (Male) |
| 1:35 | Create | Villager (Male) |
| 1:54 | Create | Villager (Male) |
| 1:54 | Create | Villager (Male) |
| 2:24 | Create | Villager (Male) |
| 2:24 | Create | Villager (Male) |
| 2:44 | Create | Villager (Male) |
| 3:18 | Create | Villager (Male) |
| 3:30 | Build | House |
| 3:32 | Build | House |
| 3:38 | Build | House |
| 3:52 | Create | Villager (Male) |
| 3:53 | Create | Villager (Male) |
| 3:53 | Create | Villager (Male) |
| 4:34 | Create | Villager (Male) |
| 5:10 | Create | Villager (Male) |
| 5:53 | Create | Villager (Male) |
| 6:13 | Build | Lumber Camp |
| 6:16 | Create | Villager (Male) |
| 6:29 | Create | Villager (Male) |
| 7:00 | Create | Villager (Male) |
| 7:23 | Build | Mining Camp |
| 7:43 | Create | Villager (Male) |
| 8:05 | Research | Feudal Age |
| 8:59 | Build | Mill |
| 10:18 | Age | Feudal Age |
| 10:21 | Create | Villager (Male) |
| 10:26 | Create | Villager (Male) |
| 10:47 | Build | Market |
| 10:51 | Build | Blacksmith |
| 11:10 | Create | Villager (Male) |
| 11:41 | Build | Farm |
| 11:42 | Create | Villager (Male) |
| 11:45 | Build | Farm |
| 12:07 | Build | Farm |
| 12:43 | Research | Castle Age |
| 12:43 | Research | Castle Age |
| 12:54 | Build | Stone Wall |
| 12:54 | Build | Stone Wall |
| 13:10 | Build | Mining Camp |
| 13:42 | Create | Villager (Male) |
| 13:43 | Create | Villager (Male) |
| 15:18 | Build | Outpost |
| 15:23 | Age | Castle Age |
| 15:33 | Build | Siege Workshop |
| 15:50 | Research | Town Watch |
| 15:58 | Build | Outpost |
| 16:07 | Create | Villager (Male) |
| 16:11 | Build | University |
| 16:14 | Create | Mangonel |
| 16:28 | Create | Villager (Male) |
| 17:54 | Research | Fortified Wall (upgrade) |
| 18:27 | Create | Villager (Male) |
| 18:33 | Create | Mangonel |
| 18:39 | Build | House |
| 19:26 | Create | Villager (Male) |
| 19:57 | Build | Castle |
| 20:17 | Build | Farm |
| 20:18 | Build | Farm |
| 20:22 | Build | Farm |
| 20:23 | Build | Farm |
| 21:04 | Create | Villager (Male) |
Build order — 大爹
105 actions detected in the replay
| 0:07 | Build | House |
| 0:08 | Build | House |
| 0:20 | Create | Villager (Male) |
| 0:21 | Create | Villager (Male) |
| 0:28 | Create | Villager (Male) |
| 0:28 | Create | Villager (Male) |
| 1:42 | Create | Villager (Male) |
| 2:19 | Create | Villager (Male) |
| 2:39 | Create | Villager (Male) |
| 3:19 | Create | Villager (Male) |
| 3:21 | Create | Villager (Male) |
| 3:29 | Build | House |
| 3:36 | Build | House |
| 3:50 | Build | Lumber Camp |
| 3:57 | Create | Villager (Male) |
| 5:04 | Build | Mill |
| 5:10 | Create | Villager (Male) |
| 5:11 | Create | Villager (Male) |
| 5:51 | Create | Villager (Male) |
| 5:52 | Create | Villager (Male) |
| 6:34 | Create | Villager (Male) |
| 6:39 | Create | Villager (Male) |
| 6:44 | Research | Loom |
| 6:45 | Create | Villager (Male) |
| 7:01 | Create | Villager (Male) |
| 8:07 | Create | Villager (Male) |
| 8:39 | Build | Mining Camp |
| 9:18 | Research | Feudal Age |
| 10:55 | Build | House |
| 11:10 | Create | Villager (Male) |
| 11:10 | Create | Villager (Male) |
| 11:10 | Create | Villager (Male) |
| 11:12 | Create | Villager (Male) |
| 11:31 | Age | Feudal Age |
| 11:40 | Create | Villager (Male) |
| 11:43 | Research | Double-Bit Axe |
| 11:57 | Build | Mining Camp |
| 12:12 | Create | Villager (Male) |
| 13:01 | Create | Villager (Male) |
| 13:30 | Build | House |
| 13:32 | Build | House |
| 14:21 | Create | Villager (Male) |
| 14:30 | Build | Farm |
| 14:44 | Build | Blacksmith |
| 14:54 | Build | Farm |
| 15:04 | Build | Farm |
| 15:06 | Build | Farm |
| 15:07 | Build | Farm |
| 15:08 | Build | Farm |
| 15:09 | Build | Farm |
| 15:10 | Build | Farm |
| 15:12 | Build | Farm |
| 15:13 | Build | Farm |
| 15:25 | Build | Market |
| 15:33 | Create | Villager (Male) |
| 15:37 | Build | Farm |
| 15:41 | Build | Farm |
| 15:58 | Create | Villager (Male) |
| 16:03 | Build | Farm |
| 16:11 | Research | Stone Mining |
| 16:20 | Create | Villager (Male) |
| 16:31 | Build | Farm |
| 16:54 | Build | House |
| 16:55 | Build | House |
| 16:56 | Build | House |
| 16:58 | Build | House |
| 16:59 | Build | House |
| 17:02 | Build | House |
| 17:09 | Build | Farm |
| 17:11 | Create | Villager (Male) |
| 17:39 | Build | Farm |
| 17:42 | Research | Castle Age |
| 17:45 | Create | Villager (Male) |
| 18:03 | Research | Horse Collar |
| 18:21 | Research | Gold Mining |
| 19:49 | Build | House |
| 19:51 | Build | House |
| 19:52 | Build | House |
| 19:54 | Build | House |
| 20:22 | Age | Castle Age |
| 20:27 | Build | Castle |
| 20:39 | Build | Town Center |
| 20:57 | Build | Farm |
| 21:06 | Research | Forging |
| 21:06 | Research | Scale Barding Armor |
| 22:01 | Create | Villager (Male) |
| 22:01 | Create | Villager (Male) |
| 22:02 | Create | Villager (Male) |
| 22:10 | Build | Town Center |
| 22:13 | Create | Villager (Male) |
| 22:14 | Create | Villager (Male) |
| 22:14 | Create | Villager (Male) |
| 22:20 | Create | Villager (Male) |
| 22:20 | Create | Villager (Male) |
| 22:21 | Research | Bow Saw |
| 22:43 | Build | House |
| 22:56 | Create | Villager (Male) |
| 22:56 | Create | Villager (Male) |
| 22:58 | Create | Villager (Male) |
| 22:59 | Create | Villager (Male) |
| 23:02 | Create | Villager (Male) |
| 23:15 | Create | Mameluke |
| 23:16 | Create | Mameluke |
| 23:19 | Build | House |
| 23:21 | Build | House |
Build order — —»¬ ° • G ¡ ø 49k .
102 actions detected in the replay
| 0:01 | Create | Villager (Male) ×4 |
| 0:06 | Build | House |
| 1:35 | Create | Villager (Male) |
| 1:36 | Build | House |
| 2:07 | Build | House |
| 2:08 | Build | House |
| 2:11 | Create | Villager (Male) |
| 2:11 | Create | Villager (Male) |
| 2:12 | Create | Villager (Male) |
| 2:31 | Create | Villager (Male) |
| 2:31 | Create | Villager (Male) |
| 2:31 | Research | Loom |
| 2:34 | Create | Villager (Male) |
| 2:34 | Create | Villager (Male) |
| 2:50 | Research | Loom |
| 2:54 | Create | Villager (Male) |
| 2:55 | Create | Villager (Male) |
| 2:55 | Create | Villager (Male) |
| 3:08 | Create | Villager (Male) |
| 3:08 | Create | Villager (Male) |
| 3:13 | Build | House |
| 3:20 | Build | Lumber Camp |
| 3:40 | Create | Villager (Male) |
| 3:40 | Create | Villager (Male) |
| 3:40 | Create | Villager (Male) |
| 4:03 | Create | Villager (Male) |
| 4:04 | Create | Villager (Male) |
| 4:04 | Create | Villager (Male) |
| 4:28 | Create | Villager (Male) |
| 4:29 | Create | Villager (Male) |
| 4:29 | Create | Villager (Male) |
| 4:42 | Research | Loom |
| 5:07 | Research | Loom |
| 5:08 | Create | Villager (Male) |
| 5:08 | Create | Villager (Male) |
| 5:46 | Create | Villager (Male) ×3 |
| 5:47 | Create | Villager (Male) ×3 |
| 5:54 | Create | Villager (Male) ×2 |
| 5:54 | Create | Villager (Male) ×2 |
| 6:33 | Create | Villager (Male) ×2 |
| 6:34 | Create | Villager (Male) ×2 |
| 6:50 | Create | Villager (Male) ×3 |
| 8:03 | Build | Mining Camp |
| 8:09 | Build | Mill |
| 8:36 | Build | House |
| 8:41 | Research | Feudal Age |
| 8:41 | Research | Feudal Age |
| 9:39 | Build | House |
| 9:42 | Create | Villager (Male) |
| 10:58 | Create | Villager (Male) ×5 |
| 11:02 | Age | Feudal Age |
| 11:05 | Build | Barracks |
| 11:29 | Build | Mill |
| 11:56 | Build | Blacksmith |
| 12:07 | Build | Archery Range |
| 12:07 | Create | Spearman |
| 13:21 | Create | Villager (Male) |
| 13:21 | Create | Villager (Male) |
| 13:31 | Build | House |
| 13:47 | Research | Castle Age |
| 13:48 | Research | Castle Age |
| 14:27 | Build | Mining Camp |
| 14:32 | Research | Stone Mining |
| 14:41 | Research | Double-Bit Axe |
| 14:41 | Research | Double-Bit Axe |
| 14:50 | Research | Horse Collar |
| 14:50 | Research | Horse Collar |
| 16:08 | Create | Villager (Male) |
| 16:10 | Create | Villager (Male) |
| 16:37 | Age | Castle Age |
| 16:44 | Build | Town Center |
| 16:55 | Build | Monastery |
| 16:58 | Create | Villager (Male) |
| 17:15 | Create | Archer ×3 |
| 17:26 | Build | Mining Camp |
| 17:31 | Create | Monk |
| 17:34 | Create | Villager (Male) |
| 17:34 | Create | Villager (Male) |
| 17:52 | Create | Villager (Male) |
| 17:52 | Create | Villager (Male) |
| 17:52 | Create | Villager (Male) |
| 17:53 | Create | Villager (Male) |
| 17:56 | Build | Farm |
| 18:14 | Create | Villager (Male) |
| 18:28 | Build | Castle |
| 18:35 | Create | Villager (Male) |
| 18:51 | Build | Farm |
| 18:51 | Build | Farm |
| 18:51 | Build | Farm |
| 18:52 | Build | Farm |
| 18:52 | Build | Farm |
| 18:52 | Build | Farm |
| 19:30 | Build | Barracks |
| 19:58 | Build | Farm |
| 19:58 | Build | Farm |
| 19:59 | Build | Farm |
| 19:59 | Build | Farm |
| 19:59 | Build | Farm |
| 19:59 | Build | Farm |
| 20:18 | Create | Villager (Male) |
| 20:18 | Create | Villager (Male) |
| 20:49 | Create | Villager (Male) |
Build order — 小帅shuai
30 actions detected in the replay
| 0:02 | Create | Villager (Male) |
| 0:02 | Create | Villager (Male) |
| 0:02 | Create | Villager (Male) |
| 0:04 | Build | House |
| 0:06 | Build | House |
| 0:09 | Create | Villager (Male) |
| 1:34 | Create | Villager (Male) |
| 2:06 | Create | Villager (Male) |
| 2:07 | Create | Villager (Male) |
| 2:37 | Build | Lumber Camp |
| 2:43 | Create | Villager (Male) |
| 2:44 | Create | Villager (Male) |
| 2:44 | Create | Villager (Male) |
| 3:01 | Create | Villager (Male) |
| 3:21 | Create | Villager (Male) |
| 3:22 | Create | Villager (Male) |
| 3:33 | Create | Villager (Male) |
| 3:39 | Build | House |
| 4:40 | Create | Villager (Male) |
| 4:58 | Build | Mill |
| 5:09 | Create | Villager (Male) |
| 5:12 | Create | Villager (Male) |
| 5:17 | Create | Villager (Male) |
| 5:18 | Create | Villager (Male) |
| 5:20 | Create | Villager (Male) |
| 5:38 | Create | Villager (Male) |
| 6:03 | Create | Villager (Male) |
| 6:07 | Build | House |
| 6:37 | Create | Villager (Male) |
| 7:05 | Create | Villager (Male) |
Build order — đức bờm no1
115 actions detected in the replay
| 0:00 | Create | Villager (Male) |
| 0:01 | Create | Villager (Male) |
| 0:01 | Create | Villager (Male) |
| 0:11 | Create | Villager (Male) |
| 0:11 | Create | Villager (Male) |
| 0:14 | Build | House |
| 0:17 | Build | House |
| 1:38 | Create | Villager (Male) |
| 2:10 | Create | Villager (Male) |
| 2:11 | Create | Villager (Male) |
| 2:28 | Create | Villager (Male) |
| 2:28 | Create | Villager (Male) |
| 3:06 | Create | Villager (Male) |
| 3:07 | Create | Villager (Male) |
| 3:19 | Build | House |
| 3:34 | Research | Loom |
| 3:55 | Create | Villager (Male) |
| 3:58 | Create | Villager (Male) |
| 4:22 | Create | Villager (Male) |
| 4:37 | Create | Villager (Male) |
| 4:53 | Build | Mill |
| 4:57 | Create | Villager (Male) |
| 5:16 | Create | Villager (Male) |
| 5:57 | Create | Villager (Male) |
| 6:16 | Create | Villager (Male) |
| 6:27 | Build | Lumber Camp |
| 6:31 | Build | House |
| 6:35 | Create | Villager (Male) |
| 6:43 | Create | Villager (Male) |
| 7:07 | Create | Villager (Male) |
| 7:29 | Create | Villager (Male) |
| 8:01 | Build | House |
| 8:07 | Research | Feudal Age |
| 9:22 | Create | Villager (Male) |
| 9:32 | Create | Villager (Male) |
| 10:19 | Age | Feudal Age |
| 10:21 | Build | Mining Camp |
| 10:26 | Build | Mining Camp |
| 10:32 | Build | Blacksmith |
| 10:36 | Create | Villager (Male) |
| 10:45 | Create | Villager (Male) |
| 10:55 | Build | Barracks |
| 10:58 | Create | Villager (Male) |
| 11:15 | Build | Farm |
| 11:17 | Build | Farm |
| 11:24 | Create | Villager (Male) |
| 11:56 | Build | House |
| 12:24 | Build | Stable |
| 12:45 | Create | Villager (Male) |
| 12:51 | Build | Farm |
| 12:54 | Build | Farm |
| 13:14 | Research | Castle Age |
| 13:15 | Research | Castle Age |
| 13:26 | Build | Farm |
| 13:28 | Build | Farm |
| 13:50 | Build | Farm |
| 14:32 | Build | Farm |
| 14:34 | Create | Villager (Male) |
| 14:39 | Build | Farm |
| 14:49 | Research | Double-Bit Axe |
| 14:49 | Research | Double-Bit Axe |
| 15:39 | Research | Horse Collar |
| 15:43 | Build | Mining Camp |
| 15:54 | Age | Castle Age |
| 16:07 | Build | Town Center |
| 16:09 | Create | Villager (Male) |
| 16:09 | Create | Villager (Male) |
| 16:09 | Create | Villager (Male) |
| 16:16 | Create | Knight ×2 |
| 16:17 | Create | Knight ×2 |
| 16:40 | Create | Knight |
| 16:41 | Create | Knight |
| 16:50 | Build | Farm |
| 17:00 | Build | House |
| 17:01 | Build | House |
| 17:02 | Build | House |
| 17:03 | Build | House |
| 17:07 | Create | Villager (Male) |
| 17:15 | Build | House |
| 17:38 | Create | Villager (Male) |
| 17:39 | Create | Villager (Male) |
| 17:39 | Create | Villager (Male) |
| 17:55 | Create | Villager (Male) |
| 18:07 | Build | Farm |
| 18:08 | Create | Villager (Male) |
| 18:09 | Create | Villager (Male) |
| 18:24 | Create | Villager (Male) |
| 18:25 | Create | Villager (Male) |
| 18:38 | Build | Farm |
| 18:40 | Create | Villager (Male) |
| 18:40 | Create | Villager (Male) |
| 18:46 | Build | House |
| 18:47 | Build | House |
| 18:48 | Build | House |
| 18:49 | Build | House |
| 18:50 | Build | House |
| 19:18 | Build | Farm |
| 19:24 | Research | Forging |
| 19:32 | Create | Villager (Male) |
| 19:32 | Create | Villager (Male) ×4 |
| 19:32 | Create | Villager (Male) ×3 |
| 19:50 | Create | Villager (Male) |
| 20:05 | Create | Villager (Male) |
| 20:08 | Build | Farm |
| 20:10 | Create | Villager (Male) |
| 20:12 | Build | Farm |
| 20:12 | Build | Farm |
| 20:21 | Create | Villager (Male) |
| 20:29 | Build | Farm |
| 20:32 | Build | Farm |
| 20:37 | Build | Farm |
| 20:53 | Build | Farm |
| 20:54 | Create | Villager (Male) ×2 |
| 20:54 | Create | Villager (Male) ×2 |
| 20:58 | Create | Villager (Male) |
Match timeline
| 7:36 | 小帅shuai · resign |
| 9:43 | Tin's · age_up feudal |
| 9:54 | °49¬K<»Šhãdöw · first_building Barracks |
| 10:18 | Azom · age_up feudal |
| 10:19 | đức bờm no1 · age_up feudal |
| 10:22 | Flipparachi · age_up feudal |
| 10:53 | °49¬K<»Šhãdöw · age_up feudal |
| 10:55 | đức bờm no1 · first_building Barracks |
| 11:02 | —»¬ ° • G ¡ ø 49k . · age_up feudal |
| 11:05 | —»¬ ° • G ¡ ø 49k . · first_building Barracks |
| 11:31 | 大爹 · age_up feudal |
| 11:58 | Flipparachi · first_market_sell 100 wood |
| 12:07 | —»¬ ° • G ¡ ø 49k . · first_building Archery Range |
| 12:08 | Tin's · first_building Siege Workshop |
| 12:24 | đức bờm no1 · first_building Stable |
| 12:54 | Azom · wall_segment Stone Wall x1 |
| 12:54 | Azom · wall_segment Stone Wall x1 |
| 13:09 | Flipparachi · first_building Barracks |
| 14:04 | Tin's · first_building Barracks |
| 14:09 | Flipparachi · first_building Stable |
| 14:43 | °49¬K<»Šhãdöw · first_building Stable |
| 15:20 | Tin's · first_building Archery Range |
| 15:23 | Azom · age_up castle |
| 15:29 | Flipparachi · age_up castle |
| 15:33 | Azom · first_building Siege Workshop |
| 15:54 | đức bờm no1 · age_up castle |
| 15:55 | °49¬K<»Šhãdöw · first_building Archery Range |
| 16:37 | —»¬ ° • G ¡ ø 49k . · age_up castle |
| 16:55 | —»¬ ° • G ¡ ø 49k . · first_building Monastery |
| 18:28 | —»¬ ° • G ¡ ø 49k . · first_building Castle |
| 18:56 | Tin's · first_market_buy 100 wood |
| 19:33 | °49¬K<»Šhãdöw · age_up castle |
| 19:57 | Azom · first_building Castle |
| 20:22 | 大爹 · age_up castle |
| 20:27 | 大爹 · first_building Castle |
| 21:01 | °49¬K<»Šhãdöw · first_building Castle |
[ AI ANALYSIS · 1 CREDIT ]
What really happened in this match?
Wolo.gg analyzes every decision: build order, eco, micro, common mistakes by bracket. Personalized analysis on WhatsApp or Discord in 30 seconds.
Civ guide
Bulgarians
Map guide
Arena
Perfil
Jugador #20063243